 Dungeon Crawl Stone Soup version 0.27-a0-1548-gf8a67e7463 (webtiles) character file.

Game seed: 17244143839902787798

630 siiphuup the Cleaver (level 7, -1/57 HPs)
             Began as a Minotaur Fighter on July 13, 2021.
             Slain by a killer bee (5 damage)
             ... on level 4 of the Dungeon.
             The game lasted 00:13:33 (4740 turns).

siiphuup the Cleaver (Minotaur Fighter)             Turns: 4740, Time: 00:13:36

Health: -1/57      AC:  6    Str: 23    XL:     7   Next: 24%
Magic:  6/6        EV:  9    Int:  5    God:
Gold:   116        SH:  0    Dex: 15    Spells: 6/6 levels left

rFire    + . .     SeeInvis .   t - +2 hand axe (elec)
rCold    . . .     Faith    .   (no shield)
rNeg     . . .     Spirit   .   b - +0 scale mail
rPois    .         Reflect  .   (helmet restricted)
rElec    .         Harm     .   (no cloak)
rCorr    .         Rampage  .   (no gloves)
Will     .....                  (no boots)
Stlth    ..........             (no amulet)
HPRegen  0.19/turn              i - ring of protection from fire
MPRegen  0.10/turn              m - +6 ring of dexterity

@: lethally poisoned (-1 -> -17)
A: horns 2, retaliatory headbutt
a: no special abilities


You were on level 4 of the Dungeon.
You visited 1 branch of the dungeon, and saw 4 of its levels.

You collected 116 gold pieces.

Inventory:

Hand Weapons
 a - a +0 war axe
 t - a +2 hand axe of electrocution (weapon)
Missiles
 f - 151 stones (quivered)
 p - 7 poisoned darts
Armour
 b - a +0 scale mail (worn)
 c - a +0 kite shield
Jewellery
 i - a ring of protection from fire (left hand)
 m - a +6 ring of dexterity (right hand)
 q - a +4 ring of evasion
Wands
 u - a wand of polymorph (7)
Scrolls
 g - 3 scrolls of teleportation {unknown}
 k - a scroll of torment {unknown}
 n - a scroll of fog {unknown}
 o - a scroll of identify {unknown}
 r - a scroll of magic mapping {unknown}
 v - 2 scrolls of silence {unknown}
Potions
 d - 2 potions of might
 e - 3 potions of curing {unknown}
 h - a potion of degeneration {unknown}
 j - 2 potions of cancellation {unknown}
 l - 3 potions of haste {unknown}
 s - a potion of attraction {unknown}


   Skills:
 - Level 3.6 Fighting
 + Level 9.4(9.5) Axes
 - Level 2.1(6.3) Maces & Flails
 - Level 3.6 Armour
 - Level 3.6 Shields


You had 6 spell levels left.
You didn't know any spells.
Your spell library contained the following spells:

 Spells                   Type           Power      Damage    Failure   Level
 Call Canine Familiar     Summ           0%         N/A       98%         3
 Gell's Gravitas          Tloc           0%         N/A       98%         3
 Lesser Beckoning         Tloc           0%         N/A       98%         3
 Portal Projectile        Hex/Tloc       0%         N/A       98%         3
 Teleport Other           Tloc           0%         N/A       98%         3
 Leda's Liquefaction      Hex/Erth       0%         N/A       100%        4


Dungeon Overview and Level Annotations

Branches:
Dungeon (4/15)
 Temple: D:4-7

Altars:
Ru


Innate Abilities, Weirdness & Mutations

You have a pair of horns on your head.
You reflexively headbutt those who attack you in melee.


Message History

You slash the killer bee!
You kill the killer bee!
You feel very sick. The killer bee closely misses you.
You miss the killer bee. You headbutt the killer bee!
The killer bee is heavily wounded.
You feel sick. The killer bee stings you.
You closely miss the killer bee. Your headbutt misses the killer bee.
The killer bee is heavily wounded.
You feel sick. The killer bee closely misses you. x2
You completely miss the killer bee.
The killer bee is heavily wounded.
You feel sick. The killer bee barely misses you. The killer bee stings you.
You are more poisoned.
The killer bee poisons you!
You slash the killer bee!
You kill the killer bee!
You feel very sick.
You feel sick.
You see here a killer bee corpse.
You feel sick.
Unknown command.
You start resting.
You feel sick. x4
A killer bee is nearby!
You feel sick.
The killer bee buzzes angrily.
You see here a killer bee corpse.
You miss the killer bee. Your headbutt misses the killer bee.
You feel sick. The killer bee stings you.
* * * LOW HITPOINT WARNING * * *
You are more poisoned.
The killer bee poisons you!
You slash the killer bee! Your headbutt misses the killer bee.
The killer bee is severely wounded.
* * * LOW HITPOINT WARNING * * *
You feel sick. The killer bee stings you.
* * * LOW HITPOINT WARNING * * *
You are more poisoned.
The killer bee poisons you! The killer bee stings you.
You die...

####.###.# #.#######.##
#......#.### #.......#.#
#......#.#.# #######.#.#
#......#.#.. ..........#
#......#.#.#########..##
#......#.#............#
#...)).#.#........#...##
####)#.y..........#....#
#.#.#@#.########.#..#
#y#.#.#.............#
#.#.#.###############
#.#y#.. #.#.#######
#.#.##....# #########
#.#>......# ........#
#.###.....#### #######.#
#.#....^...>.#


You could see a killer bee.

Vanquished Creatures
  A scorpion (D:4)
  2 killer bees (D:4)
  5 wights
  2 orc priests (D:4)
  2 orc wizards (D:4)
  4 adders
  4 gnolls (D:3)
  2 worms
  A dart slug (D:1)
  2 orcs
  5 ball pythons
  7 endoplasms
  A giant cockroach (D:2)
  9 goblins
  12 hobgoblins
  9 jackals
  10 kobolds
  4 quokkas
  3 bats
  3 frilled lizards
  5 rats
93 creatures vanquished.

Vanquished Creatures (others)
  A goblin (D:3)
1 creature vanquished.

Grand Total: 94 creatures vanquished

Notes
Turn   | Place    | Note
-------+----------+-------------------------------------------
     0 | D:1      | siiphuup the Minotaur Fighter began the quest for the Orb.
     0 | D:1      | Reached XP level 1. HP: 19/19 MP: 0/0
    38 | D:1      | Reached skill level 1 in Maces & Flails
    54 | D:1      | Reached XP level 2. HP: 19/26 MP: 1/1
   220 | D:1      | Reached skill level 3 in Axes
   309 | D:1      | Reached XP level 3. HP: 31/31 MP: 2/2
   758 | D:2      | Reached skill level 4 in Axes
  1319 | D:2      | Reached XP level 4. HP: 38/39 MP: 3/3
  1348 | D:2      | Found a faded altar of an unknown god.
  1545 | D:2      | Reached skill level 5 in Axes
  2686 | D:3      | Reached XP level 5. HP: 20/45 MP: 4/4
  2688 | D:3      | Reached skill level 6 in Axes
  3150 | D:3      | Reached skill level 7 in Axes
  3407 | D:4      | Reached XP level 6. HP: 18/51 MP: 5/5
  4137 | D:4      | Reached skill level 8 in Axes
  4145 | D:4      | Found a sacrificial altar of Ru.
  4381 | D:4      | Reached XP level 7. HP: 24/57 MP: 6/6
  4399 | D:4      | Reached skill level 9 in Axes
  4740 | D:4      | Slain by a killer bee

Illustrated notes

Levels and vault maps discovered:
D:1:      minmay_arrival_four_loops, layout_basic
D:2:      layout_basic, basic_ecumenical_altar, minmay_misc_feat_diagonals,
          minmay_misc_feat_hallway, moated_statue
D:3:      layout_rooms, minmay_misc_feat_rows, st_stairs_5,
          lemuel_another_geyser
D:4:      layout_basic, hangedman_ru_absence, grunt_decor_junction

Skill      XL: |  1  2  3  4  5  6  7 |
---------------+----------------------+-----
Maces & Flails | 2 |  2.1
Axes           | 3 4 5 7 8 9 |  9.4
Fighting       | |  3.6
Armour         | |  3.6
Shields        | |  3.6

Action                   |  1- 3 |  4- 6 |  7- 9 || total
-------------------------+-------+-------+-------++-------
Melee: War axe           |    92 |    49 |       ||   141
       Headbutt          |    14 |    12 |     1 ||    27
       Hand axe          |       |    31 |    14 ||    45
Throw: Stone             |     1 |       |       ||     1
Armor: Scale mail        |    48 |    24 |     1 ||    73
Dodge: Dodged            |    39 |    31 |     9 ||    79

Table legend: (Time is in decaauts)
 A = Elapsed time spent in this place.
 B = Non-inter-level travel time spent in this place.
 C = Inter-level travel time spent in this place.
 D = Time resting spent in this place.
 E = Time spent auto-exploring this place.
 F = Levels seen in this place.
 G = Mean time per level.
                   A        B        C        D        E       F      G
               +--------+--------+--------+--------+--------+-----+--------+
         Total |   4772 |   4712 |     60 |   1959 |   1370 |   4 | 1193.0 |
       Dungeon |   4772 |   4712 |     60 |   1959 |   1370 |   4 | 1193.0 |
               +--------+--------+--------+--------+--------+-----+--------+

Top non-repeatable levels by time:
     D:3: 1548 daAuts
     D:4: 1443 daAuts
     D:2: 1050 daAuts
     D:1: 730 daAuts
